 Dungeon Crawl Stone Soup version 0.29-a0-371-g91724d5b39 (webtiles) character file.

Game seed: 12787584182990723726

107 happo123 the Vexing (level 4, -1/34 HPs)
             Began as a Gnoll Arcane Marksman on May 2, 2022.
             Was a Believer of Fedhas.
             Slain by Pikel
             ... wielding a +2 whip of flaming
              (7 damage)
             ... on level 4 of the Dungeon.
             The game lasted 00:32:59 (2911 turns).

happo123 the Vexing (Gnoll Arcane Marksman)         Turns: 2911, Time: 00:33:02

Health: -1/34      AC:  4    Str: 10    XL:     4   Next: 86%
Magic:  2/8        EV: 14    Int: 12    God:    Fedhas [**....]
Gold:   192        SH:  0    Dex: 20    Spells: 5/9 levels left

rFire   . . .      SeeInvis .   o - +0 dagger (drain)
rCold   . . .      Faith    .   (no shield)
rNeg    . . .      Spirit   .   A - +0 leather armour
rPois   .          Reflect  .   r - +0 helmet
rElec   .          Harm     .   (no cloak)
rCorr   .          Rampage  .   (no gloves)
Will    .....                   (no boots)
Stlth   ++........              (no amulet)
HPRegen 0.11/turn               p - +6 ring of dexterity
MPRegen 0.11/turn               (no ring)

@: lethally poisoned (-1 -> -2)
A: fangs 1, strong nose, distributed training
a: Renounce Religion, Wall of Briars


You were on level 4 of the Dungeon.
You worshipped Fedhas.
Fedhas was pleased with you.
You visited 1 branch of the dungeon, and saw 4 of its levels.

You collected 192 gold pieces.

Inventory:

Hand Weapons
 a - a +0 shortbow
 o - a +0 dagger of draining (weapon)
 C - a +0 dagger of freezing
Missiles
 y - 3 poisoned darts
Armour
 b - a +0 robe
 i - a +0 kite shield
 k - a +0 helmet
 m - a +0 chain mail
 q - a +0 ring mail
 r - a +0 helmet (worn)
 A - a +0 leather armour (worn)
Magical Staves
 v - a staff of cold
Jewellery
 p - a +6 ring of dexterity (left hand)
 D - a ring of protection from cold
Wands
 z - a wand of mindburst (16)
 B - a wand of digging (6)
Scrolls
 c - a scroll of vulnerability
 e - 7 scrolls of identify {unknown}
 g - 3 scrolls of teleportation {unknown}
 h - 3 scrolls of fear {unknown}
 s - a scroll of immolation {unknown}
 t - a scroll of brand weapon {unknown}
 u - a scroll of summoning {unknown}
Potions
 d - 3 potions of curing {unknown}
 f - a potion of invisibility {unknown}
 j - 2 potions of heal wounds {unknown}
 l - a potion of degeneration {unknown}
 n - a potion of haste {unknown}
 w - a potion of lignification {unknown}
 x - a potion of ambrosia {unknown}


   Skills:
 + Level 2.8 Fighting
 + Level 1.2 Short Blades
 + Level 1.2 Long Blades
 + Level 1.2 Axes
 + Level 1.2 Maces & Flails
 + Level 1.2 Polearms
 + Level 1.2 Staves
 + Level 1.2 Slings
 + Level 4.7 Bows
 + Level 1.2 Crossbows
 + Level 1.2 Throwing
 + Level 1.2 Armour
 + Level 4.7 Dodging
 + Level 1.2 Stealth
 + Level 1.2 Shields
 + Level 1.2 Unarmed Combat
 + Level 3.0 Spellcasting
 + Level 1.0 Conjurations
 + Level 5.5 Hexes
 + Level 1.0 Summonings
 + Level 1.0 Necromancy
 + Level 1.0 Translocations
 + Level 1.0 Transmutations
 + Level 1.0 Fire Magic
 + Level 1.0 Ice Magic
 + Level 1.0 Air Magic
 + Level 1.0 Earth Magic
 + Level 1.0 Poison Magic
 + Level 1.4 Invocations
 + Level 1.2 Evocations


You had 5 spell levels left.
You knew the following spells:

 Your Spells              Type           Power      Damage    Failure   Level
a - Slow                  Hex            60%        N/A       3%          1
b - Portal Projectile     Hex/Tloc       18%        N/A       26%         3

Your spell library contained the following spells:

 Spells                   Type           Power      Damage    Failure   Level
 Pain                     Necr           16%        1d4       22%         1
 Inner Flame              Hex/Fire       9%         N/A       26%         3
 Sublimation of Blood     Necr           4%         N/A       32%         2
 Cause Fear               Hex            7%         N/A       32%         4
 Petrify                  Tmut/Erth      4%         N/A       91%         4
 Agony                    Necr           4%         N/A       99%         5
 Excruciating Wounds      Necr           2%         N/A       99%         5
 Freezing Cloud           Conj/Ice/Air   2%         6-21      99%         5
 Irradiate                Conj/Tmut      2%         3d14      99%         5
 Simulacrum               Ice/Necr       2%         N/A       100%        6
 Polar Vortex             Ice            2%         N/A       100%        9


Dungeon Overview and Level Annotations

Branches:
Dungeon (4/15)
 Temple: D:4-7

Altars:
Fedhas
Uskayaw

Shops:
D:1 (

Annotations:
D:4 Pikel


Innate Abilities, Weirdness & Mutations

You have very sharp teeth.
Your uncanny sense of smell can sniff out nearby items.
Your experience applies equally to all skills.


Message History

o - a +0 dagger of draining (weapon)
The adder closely misses you. The lemure hits you but does no damage.
Pikel completely misses you.
You hit Pikel but do no damage. You drain Pikel. Your bite misses Pikel.
Pikel is lightly wounded.
The adder misses you. The lemure barely misses you.
Pikel hits you but does no damage.
You hit Pikel but do no damage. You bite Pikel, but do no damage.
Pikel is lightly wounded.
The adder bites you but does no damage. The lemure closely misses you.
The adder barely misses you. Pikel closely misses you.
You hit Pikel. You drain Pikel.
Pikel is moderately wounded.
The adder misses you.
You closely miss Pikel.
Pikel is moderately wounded.
The lemure hits you. Pikel hits you but does no damage.
The adder barely misses you.
You hit Pikel but do no damage.
Pikel is moderately wounded.
Pikel hits you but does no damage. The adder bites you.
You are poisoned.
The adder poisons you!
You hit Pikel but do no damage. You drain Pikel.
Pikel is moderately wounded.
You feel sick. The adder misses you.
A goblin comes into view. It is wielding a +0 club.
The lemure hits you!
A lemure comes into view.
The lemure closely misses you.
Pikel hits you with a +2 whip of flaming.
Pikel burns you.
You feel sick. The adder closely misses you. The lemure hits you.
* * * LOW HITPOINT WARNING * * *
The lemure hits you.
* * * LOW HITPOINT WARNING * * *
Pikel says, "I touched Geryon's horn once."
Pikel hits you with a +2 whip of flaming!
You die...
Fedhas appreciates your contribution to the ecosystem.

... # ...
#. .5.∆ #..
#.# #...
#.#
#....##5###
#.....SK5.#
#@5.#
##...g...
#..#... #.#
. .# P . P#


You could see Pikel (very drained), 4 lemures, an adder and a goblin
(wandering).

Vanquished Creatures
  4 adders
  2 worms
  4 orcs
  6 ball pythons
  5 endoplasms
  5 hobgoblins
  5 jackals
  7 kobolds
  A quokka (D:1)
  5 bats
  2 frilled lizards
  7 goblins
  5 rats
58 creatures vanquished.

Notes
Turn   | Place    | Note
-------+----------+-------------------------------------------
     0 | D:1      | happo123 the Gnoll Arcane Marksman began the quest for the
                  | Orb.
     0 | D:1      | Reached XP level 1. HP: 17/17 MP: 4/4
   102 | D:1      | Reached XP level 2. HP: 23/23 MP: 5/5
   286 | D:1      | Found a faded altar of an unknown god.
   292 | D:1      | Prayed at the altar of an unknown god.
   292 | D:1      | Became a worshipper of Fedhas Madash
   292 | D:1      | Reached * piety under Fedhas
   529 | D:1      | Reached XP level 3. HP: 28/28 MP: 7/7
   639 | D:1      | Found Enly's Weapon Boutique.
   695 | D:2      | Learned a level 3 spell: Portal Projectile
  1256 | D:3      | Reached skill level 1 in Invocations
  1326 | D:3      | Reached ** piety under Fedhas
  1470 | D:2      | Reached skill level 1 in Short Blades
  1470 | D:2      | Reached skill level 1 in Long Blades
  1470 | D:2      | Reached skill level 1 in Axes
  1470 | D:2      | Reached skill level 1 in Maces & Flails
  1470 | D:2      | Reached skill level 1 in Polearms
  1470 | D:2      | Reached skill level 1 in Staves
  1470 | D:2      | Reached skill level 1 in Slings
  1470 | D:2      | Reached skill level 1 in Crossbows
  1470 | D:2      | Reached skill level 1 in Throwing
  1470 | D:2      | Reached skill level 1 in Armour
  1470 | D:2      | Reached skill level 1 in Stealth
  1470 | D:2      | Reached skill level 1 in Shields
  1470 | D:2      | Reached skill level 1 in Unarmed Combat
  1470 | D:2      | Reached skill level 1 in Evocations
  1792 | D:2      | Reached XP level 4. HP: 34/34 MP: 8/8
  2322 | D:2      | Reached skill level 1 in Conjurations
  2322 | D:2      | Reached skill level 1 in Summonings
  2322 | D:2      | Reached skill level 1 in Necromancy
  2322 | D:2      | Reached skill level 1 in Translocations
  2322 | D:2      | Reached skill level 1 in Transmutations
  2322 | D:2      | Reached skill level 1 in Fire Magic
  2322 | D:2      | Reached skill level 1 in Ice Magic
  2322 | D:2      | Reached skill level 1 in Air Magic
  2322 | D:2      | Reached skill level 1 in Earth Magic
  2322 | D:2      | Reached skill level 1 in Poison Magic
  2466 | D:3      | Found a hide-covered altar of Uskayaw.
  2897 | D:4      | Noticed a lemure
  2897 | D:4      | Noticed a lemure
  2897 | D:4      | Noticed a lemure
  2898 | D:4      | Noticed Pikel
  2910 | D:4      | Noticed a lemure
  2911 | D:4      | Slain by Pikel

Illustrated notes

Levels and vault maps discovered:
D:1:      dpeg_arrival_simpleton_b, layout_basic,
          shapermc_ecumenical_altar_petra, serial_shops, shop, minmay_tall_x
D:2:      layout_basic
D:3:      layout_loops_ring, lemuel_tele_altar
D:4:      layout_rooms, minmay_lizard_king, uniq_pikel

Skill      XL: |  1  2  3  4 |
---------------+-------------+-----
Invocations    | 1 |  1.4
Short Blades   | 1 |  1.2
Long Blades    | 1 |  1.2
Axes           | 1 |  1.2
Maces & Flails | 1 |  1.2
Polearms       | 1 |  1.2
Staves         | 1 |  1.2
Slings         | 1 |  1.2
Crossbows      | 1 |  1.2
Throwing       | 1 |  1.2
Armour         | 1 |  1.2
Stealth        | 1 |  1.2
Shields        | 1 |  1.2
Unarmed Combat | 1 |  1.2
Evocations     | 1 |  1.2
Spellcasting   | 3 |  3.0
Conjurations   | 1 |  1.0
Summonings     | 1 |  1.0
Necromancy     | 1 |  1.0
Translocations | 1 |  1.0
Transmutations | 1 |  1.0
Fire Magic     | 1 |  1.0
Ice Magic      | 1 |  1.0
Air Magic      | 1 |  1.0
Earth Magic    | 1 |  1.0
Poison Magic   | 1 |  1.0
Fighting       | |  2.8
Bows           | |  4.7
Dodging        | |  4.7
Hexes          | |  5.5

Action                   |  1- 3 |  4- 6 || total
-------------------------+-------+-------++-------
Melee: Dagger            |    23 |    12 ||    35
       Punch             |     3 |       ||     3
       Bite              |     2 |     3 ||     5
 Fire: Shortbow          |   103 |    25 ||   128
 Cast: Slow              |     4 |     1 ||     5
       Portal Projectile |       |     1 ||     1
Armor: Chain mail        |    20 |       ||    20
       Robe              |    10 |       ||    10
       Leather armour    |       |     6 ||     6
Dodge: Dodged            |    41 |    22 ||    63

Table legend: (Time is in decaauts)
 A = Elapsed time spent in this place.
 B = Non-inter-level travel time spent in this place.
 C = Inter-level travel time spent in this place.
 D = Time resting spent in this place.
 E = Time spent auto-exploring this place.
 F = Levels seen in this place.
 G = Mean time per level.
                   A        B        C        D        E       F      G
               +--------+--------+--------+--------+--------+-----+--------+
         Total |   2946 |   1903 |   1043 |      0 |   1439 |   4 |  736.5 |
       Dungeon |   2946 |   1903 |   1043 |      0 |   1439 |   4 |  736.5 |
               +--------+--------+--------+--------+--------+-----+--------+

Top non-repeatable levels by time:
     D:2: 1355 daAuts
     D:3: 861 daAuts
     D:1: 715 daAuts
     D:4: 14 daAuts
